 Dungeon Sprint DCSS version 0.22-a0-460-g49b1da7 (webtiles) character file.

343 emperorscorpion the Covert (level 6, -4/33 HPs)
             Began as a Vine Stalker Assassin on June 9, 2018.
             Was a Believer of Uskayaw.
             Slain by a meliai
             ... wielding a +1 hand axe of distortion
              (8 damage)
             ... in the Dungeon (Sprint IX: "|||||||||||||||||||||||||||||").
             The game lasted 00:01:47 (268 turns).

emperorscorpion the Covert (Vine Stalker Assassin)   Turns: 268, Time: 00:01:53

Health: -4/33      AC:  5    Str: 14    XL:     6   Next: 57%
Magic:  0/7        EV: 15    Int: 14    God:    Uskayaw [**....]
Gold:   0          SH:  0    Dex: 17    Spells: 5/5 levels left

rFire    . . .     SeeInvis .   a - +2 rapier (elec)
rCold    . . .     Gourm    .   (no shield)
rNeg     . . .     Faith    .   c - +0 robe
rPois    .         Spirit   +   u - +0 helmet
rElec    .         Reflect  .   d - +0 cloak
rCorr    .         Harm     .   t - +0 pair of gloves
MR       .....     NoTele   +   (no boots)
Stlth    ++++++....             (no amulet)
HPRegen  0.51/turn              w - +3 ring of intelligence
MPRegen  0.10/turn              x - +2 ring of evasion

@: no status effects
A: fangs 2, regeneration 1, magic shield, antimagic bite, no potion heal 3, rot
immunity
a: Stomp, Line Pass, Renounce Religion


You were in the Dungeon.
You worshipped Uskayaw.
Uskayaw was noncommittal.
You were not hungry.

You visited 1 branch

Inventory:

Hand Weapons
 a - a +2 rapier of electrocution (weapon)
 b - a +0 blowgun
 s - a +2 dagger
Missiles
 e - 8 poisoned needles
 f - 2 curare-tipped needles
 y - 4 tomahawks (quivered)
Armour
 c - a +0 robe (worn)
 d - a +0 cloak (worn)
 t - a +0 pair of gloves (worn)
 u - a +0 helmet (worn)
 v - a +2 ring mail
Magical Staves
 r - an uncursed staff of energy
Jewellery
 w - a +3 ring of intelligence (left hand)
 x - a +2 ring of evasion (right hand)
Wands
 q - a wand of iceblast (10)
Scrolls
 m - 2 scrolls of blinking
 o - 3 scrolls of remove curse
 p - 2 scrolls of amnesia
Potions
 h - 5 potions of curing
 i - 3 potions of heal wounds
 j - a potion of haste
 k - 4 potions of magic
 l - a potion of invisibility
Comestibles
 g - a ration
 n - 7 chunks of flesh


   Skills:
 + Level 3.6 Fighting
 + Level 5.8 Short Blades
 + Level 3.0 Throwing
 + Level 2.1 Dodging
 * Level 14.1 Stealth


You had 5 spell levels left.
You didn't know any spells.
Your spell library was empty.

Dungeon Overview and Level Annotations

Branches:
Dungeon (1/1)

Altars:
Cheibriados
Dithmenos
Elyvilon
Fedhas
Gozag
Hepliaklqana
Kikubaaqudgha
Makhleb
Nemelex Xobeh
Okawaru
Qazlal
Ru
Sif Muna
Trog
Uskayaw
Vehumet
Wu Jian
Xom
Yredelemnul
Zin
The Shining One
Beogh
Jiyva
Lugonu


Innate Abilities, Weirdness & Mutations

You have extremely sharp teeth.
Your natural rate of healing is unusually fast.
When hurt, damage is shared between your health and your magic reserves.
Your bite disrupts and absorbs the magic of your enemies.
Potions cannot restore your health.
You are immune to rotting.


Message History

You kill the shadow imp!
The meliai hits you with a hand axe of distortion!
You feel a strange sense of stasis. The meliai stings you.
You closely miss the meliai. Your bite misses the meliai.
The meliai hits you with a hand axe of distortion.
Space bends around you. The meliai closely misses you.
The shadow slips into darkness.
The shadow flickers and vanishes!
Deactivating autopickup; reactivate with Ctrl-A.
The meliai completely misses you. The meliai barely misses you.
You miss the meliai. Your bite misses the meliai. The meliai barely misses you.
The meliai stings you.
You hit the meliai but do no damage. Lightning courses through the meliai!
You bite the meliai. You drain its power.
You feel invigorated.
The meliai is severely wounded.
The meliai invokes the aid of its god against you.
Something smites you!
* * * LOW HITPOINT WARNING * * *
The meliai hits you but does no damage. Space warps horribly around you!
You die... ▓▓▓▓▓▓▓▓▓▓▓▓▓▓▓▓▓▓▓▓▓▓▓▓ ..Z{.Oy@....)'.....)...' ▓▓▓▓▓▓▓▓▓▓▓▓▓▓▓▓▓▓▓▓▓▓▓▓

You could see a two-headed ogre, a meliai and an adder zombie.

Vanquished Creatures
  A yak (D)
  A vampire mosquito (D)
  A worker ant (D)
  3 adders (D)
  A shadow imp (D)
  An adder skeleton (D)
  A dart slug (D)
  2 leopard geckos (D)
  2 orcs (D)
  A bat (D)
  A bat skeleton (D)
  A frilled lizard (D)
  A kobold (D)
  A rat (D)
18 creatures vanquished.

Notes
Turn   | Place    | Note
-------+----------+-------------------------------------------
     0 | D        | emperorscorpion the Vine Stalker Assassin began the quest for the Orb.
     0 | D        | Reached XP level 1. HP: 11/11 MP: 2/2
     8 | D        | Reached skill level 5 in Stealth
    13 | D        | Reached skill level 6 in Stealth
   104 | D        | Noticed a worker ant
   106 | D        | Reached skill level 7 in Stealth
   106 | D        | Reached XP level 2. HP: 15/15 MP: 3/3
   109 | D        | Reached skill level 1 in Dodging
   109 | D        | Reached skill level 8 in Stealth
   109 | D        | Reached XP level 3. HP: 18/18 MP: 4/4
   113 | D        | Reached skill level 9 in Stealth
   122 | D        | Found a roughly hewn altar of Beogh.
   122 | D        | Found a snail-covered altar of Cheibriados.
   122 | D        | Found a shadowy altar of Dithmenos.
   122 | D        | Found a white marble altar of Elyvilon.
   122 | D        | Found a blossoming altar of Fedhas.
   122 | D        | Found an opulent altar of Gozag.
   123 | D        | Found a hazy altar of Hepliaklqana.
   124 | D        | Found a viscous altar of Jiyva.
   125 | D        | Found an ancient bone altar of Kikubaaqudgha.
   126 | D        | Found a corrupted altar of Lugonu.
   127 | D        | Found a burning altar of Makhleb.
   128 | D        | Found a sparkling altar of Nemelex Xobeh.
   129 | D        | Found an iron altar of Okawaru.
   130 | D        | Found a stormy altar of Qazlal.
   131 | D        | Found a sacrificial altar of Ru.
   132 | D        | Found a deep blue altar of Sif Muna.
   133 | D        | Found a bloodstained altar of Trog.
   134 | D        | Found a hide-covered altar of Uskayaw.
   135 | D        | Found a radiant altar of Vehumet.
   136 | D        | Found an ornate altar of the Wu Jian Council.
   137 | D        | Found a shimmering altar of Xom.
   138 | D        | Found a basalt altar of Yredelemnul.
   139 | D        | Found a glowing silver altar of Zin.
   140 | D        | Found a glowing golden altar of the Shining One.
   146 | D        | Became a worshipper of Uskayaw the Reveler
   187 | D        | Noticed a yak
   193 | D        | Reached * piety under Uskayaw
   194 | D        | Gained mutation: Your natural rate of healing is unusually fast. [Vine Stalker growth]
   194 | D        | Reached XP level 4. HP: 21/23 MP: 5/5
   195 | D        | Reached ** piety under Uskayaw
   198 | D        | Reached *** piety under Uskayaw
   199 | D        | Killed a yak
   199 | D        | Reached skill level 12 in Stealth
   199 | D        | Reached XP level 5. HP: 6/28 MP: 4/6
   209 | D        | Reached **** piety under Uskayaw
   262 | D        | Noticed a shadow
   262 | D        | Noticed a two-headed ogre
   262 | D        | Noticed a meliai
   262 | D        | Noticed a vampire mosquito
   263 | D        | Killed a vampire mosquito
   263 | D        | Reached skill level 5 in Short Blades
   263 | D        | Reached skill level 14 in Stealth
   263 | D        | Reached XP level 6. HP: 32/32 MP: 7/7
   268 | D        | Slain by a meliai

Vault maps used:
D:        linesprint

Skill      XL: |  1  2  3  4  5 |
---------------+----------------+-----
Stealth        | 7 8 9 12 14 | 14.1
Short Blades   | 2 4 5 |  5.8
Fighting       | 2 3 |  3.6
Throwing       | 2 3 |  3.0
Dodging        | 1 2 |  2.1

Action                   |  1- 3 |  4- 6 || total
-------------------------+-------+-------++-------
Melee: Dagger            |    28 |       ||    28
       Bite              |     5 |     8 ||    13
       Rapier            |     6 |    25 ||    31
  Use: Potion            |     1 |       ||     1
 Stab: Sleeping          |     1 |       ||     1
       Paralysed         |       |     1 ||     1
Armor: Robe              |     1 |     5 ||     6
Dodge: Dodged            |    22 |    20 ||    42

Table legend:
 A = Spawn XP
 B = Non-spawn XP
 C = Spawn XP percentage of total XP
 D = Spawn monster count
 E = Non-spawn monster count
 F = Spawn count percentage of total count
 G = Total turns spent on level
                    A         B        C        D         E        F      G
               +---------+---------+-------+---------+---------+-------+---------
         Total |       0 |     490 |   0.0 |       0 |      18 |   0.0 |   268
               +---------+---------+-------+---------+---------+-------+---------
             D |       0 |     490 |   0.0 |       0 |      18 |   0.0 |   268
               +---------+---------+-------+---------+---------+-------+---------
